 Dungeon Crawl Stone Soup version 0.30-a0-672-gc3a7216ad8 (webtiles) character file.

Game seed: 17032038659253075368

1584 wormed the Caller (level 8, -1/51 (52) HPs)
             Began as a Demonspawn Summoner on Jan 18, 2023.
             Was a Follower of Vehumet.
             Slain by a wight
             ... wielding a +4 halberd
              (13 damage)
             ... on level 6 of the Dungeon.
             The game lasted 00:10:07 (5262 turns).

wormed the Caller (Demonspawn Summoner)             Turns: 5262, Time: 00:10:08

HP:   -1/51 (52)    AC:  5    Str:  8    XL:     8   Next: 61%
MP:   15/15         EV: 12    Int: 24    God:    Vehumet [*.....]
Gold: 149           SH:  0    Dex: 15    Spells: 1/16 levels left

rFire   . . .      SeeInvis .    (no weapon)
rCold   . . .      Faith    .    (no shield)
rNeg    . . .      Spirit   .    v - +2 leather armour {rPois}
rPois   +          Reflect  .    (helmet restricted)
rElec   .          Harm     .    (no cloak)
rCorr   .          Rampage  .    (no gloves)
Will    .....                    (no boots)
Stlth   ++                       k - amulet of magic regeneration
HPRegen 0.28/turn                j - +6 ring of intelligence
MPRegen 0.54/turn                (no ring)

@: lightly drained
A: horns 1, powered by pain 1, sturdy frame 1, demonic magic 2
a: Renounce Religion


You were on level 6 of the Dungeon.
You worshipped Vehumet.
Vehumet was aware of your devotion.
You visited 1 branch of the dungeon, and saw 6 of its levels.

You collected 149 gold pieces.

Inventory:

Armour
 v - a +2 leather armour of poison resistance (worn)
Jewellery
 j - a +6 ring of intelligence (left hand)
 k - an amulet of magic regeneration (around neck)
Wands
 p - a wand of charming (9)
Scrolls
 d - a scroll of vulnerability
 e - 3 scrolls of teleportation
 h - 3 scrolls of magic mapping
 i - 2 scrolls of fog
 l - a scroll of silence
 q - a scroll of poison
Potions
 b - a potion of magic
 c - 2 potions of flight
 f - 4 potions of curing {unknown}
 n - a potion of heal wounds {unknown}
 o - a potion of haste {unknown}
 r - a potion of invisibility {unknown}
 s - 2 potions of mutation {unknown}


   Skills:
 - Level 1.7 Dodging
 - Level 1.7 Stealth
 + Level 4.6 Spellcasting
 * Level 6.0 Hexes
 * Level 7.9 Summonings
 + Level 3.0 Air Magic


You had one spell level left.
You knew the following spells:

 Your Spells              Type           Power      Damage    Failure   Level
a - Call Canine Familiar  Summ           43%        N/A       1%          3
b - Summon Guardian Gole  Hex/Summ       39%        N/A       1%          3
c - Summon Lightning Spi  Summ/Air       31%        N/A       11%         4
d - Summon Mana Viper     Hex/Summ       39%        N/A       16%         5

Your spell library contained the following spells:

 Spells                   Type           Power      Damage    Failure   Level
 Kiss of Death            Conj/Necr      20%        2d7       10%         1
 Slow                     Hex            100%       N/A       1%          1
 Summon Small Mammal      Summ           100%       N/A       1%          1
 Apportation              Tloc           10%        N/A       10%         1
 Magic Dart               Conj           20%        1d4       10%         1
 Necrotise                Necr           20%        1d5       10%         1
 Call Imp                 Summ           43%        N/A       1%          2
 Static Discharge         Conj/Air       24%        2-3/arc   8%          2
 Portal Projectile        Hex/Tloc       40%        N/A       9%          3
 Vhi's Electric Charge    Tloc/Air       24%        N/A       16%         3
 Mephitic Cloud           Conj/Pois/Air  10%        N/A       19%         3
 Hailstorm                Conj/Ice       5%         3d4       28%         3
 Ice Form                 Ice/Tmut       5%         N/A       67%         4
 Arcjolt                  Conj/Air       6%         1d16      82%         5
 Lightning Bolt           Conj/Air       6%         1d18      82%         5
 Simulacrum               Ice/Necr       2%         N/A       100%        6


Dungeon Overview and Level Annotations

Branches:
Dungeon (6/15)             Temple (0/1) D:5

Altars:
Gozag
Vehumet
Wu Jian


Innate Abilities, Weirdness & Mutations

You have a pair of small horns on your head.
You sometimes gain a little power by taking damage.
Your movements are slightly less encumbered by armour. (ER -2)
Spells you cast may paralyse nearby enemies.


Message History

Vehumet accepts your kill.
The bolt of electricity hits the orc priest!
The orc priest dies!
Vehumet accepts your kill.
Your Hexes skill increases to level 6!
Your Air Magic skill increases to level 3!
Your lightning spire shoots out a bolt of lightning at the orc priest!
The bolt of electricity hits the orc priest!
The orc priest looks encouraged for a moment.
The orc priest hits your guardian golem with a +0 war axe.
The orc priest hits your guardian golem but does no damage.
The orc priest hits your guardian golem with a +0 war axe.
Casting: Summon Lightning Spire (dangerous; 11% risk of failure)
Confirm with . or Enter, or press ? or * to list all spells.
The spell is quite dangerous to miscast (16% risk of failure)!
Continue anyway?
A mana viper appears with a sibilant hiss.
Malevolent energies surge around you.
The orc priest hits your guardian golem with a +0 war axe.
The orc priest hits your guardian golem but does no damage.
Your guardian golem overheats!
You swap places.
Your lightning spire disappears in a puff of smoke!
The wight barely misses you.
The wight hits you from afar with a +4 halberd.
You feel drained.
The wight hits you from afar with a +4 halberd!
* * * LOW HITPOINT WARNING * * *
What are your orders? t - Shout!
Orders for allies: a - Attack new target. r - Retreat! s - Stop attacking. g - Guard the area. f - Follow me.
Anything else - Cancel.
Gang up on whom?
Press: ? - help, Dir - move target, f - wight
Aim: a wight, wielding a +4 halberd and wearing a +0 robe Attack!
Your mana viper barely misses the wight.
The wight hits you from afar with a +4 halberd!
You die...

...........#§§..9zh.#
............##'#######
#.........[.').#
##...........#9z#
.............#..#
.............#..#
..................#).#
...............####†.#
............@Szz.9..##
...........##..####.#
...........+...# #...
.........>.###.# #...#
...........###.# #...#
#+#.........# #...#
#....###....# #...#
#....# #.......+...#
#....###########


You could see 2 wights, a friendly mana viper (summoned, sheltered) and a
friendly guardian golem (summoned, inner flame).

Vanquished Creatures
  A gnoll (D:5)
  A goblin (D:1)
  A rat (D:1)
3 creatures vanquished.

Vanquished Creatures (collateral kills)
  2 water moccasins
  An orc warrior (D:5)
  3 ogres
  A black bear (D:4)
  A centaur (D:5)
  A wight (D:6)
  A howler monkey (D:5)
  2 hounds
  2 jellies (D:5)
  An orc priest (D:6)
  Jessica (D:3)
  2 orc wizards
  An iguana (D:5)
  7 adders
  4 gnolls (D:5)
  A white imp (D:5)
  An ufetubus (D:4)
  A worm (D:3)
  2 dart slugs
  15 orcs
  12 endoplasms
  A giant cockroach (D:3)
  4 goblins
  6 hobgoblins
  5 quokkas
  8 ball pythons
  4 bats
  4 frilled lizards
  5 kobolds
  5 rats
104 creatures vanquished.

Vanquished Creatures (others)
  An ice beast (D:3)
  An ogre (D:4)
  A howler monkey (D:6)
  A jelly (D:5)
  A gnoll bouda (D:5)
  An orc wizard (D:5)
  An orc (D:6)
  A goblin (D:4)
  8 plants
16 creatures vanquished.

Grand Total: 123 creatures vanquished

Notes
Turn   | Place    | Note
-------+----------+-------------------------------------------
     0 | D:1      | wormed the Demonspawn Summoner began the quest for the Orb.
     0 | D:1      | Reached XP level 1. HP: 13/13 MP: 3/3
   111 | D:1      | Gained mutation: Spells you cast may paralyse adjacent
                  | enemies. [demonic ancestry]
   111 | D:1      | Reached XP level 2. HP: 15/19 MP: 0/5
   819 | D:1      | Got the Grimoire of Glamour
   944 | D:2      | Found a faded altar of an unknown god.
  1030 | D:2      | Gained mutation: You sometimes gain a little power by
                  | taking damage. [demonic ancestry]
  1030 | D:2      | Reached XP level 3. HP: 22/24 MP: 3/6
  1034 | D:2      | Learned a level 3 spell: Call Canine Familiar
  1264 | D:2      | Learned a level 3 spell: Summon Guardian Golem
  1451 | D:2      | Found an ornate altar of the Wu Jian Council.
  1823 | D:3      | Reached skill level 5 in Summonings
  1981 | D:3      | Reached skill level 1 in Hexes
  1981 | D:3      | Gained mutation: Your movements are slightly less
                  | encumbered by armour. (ER -2) [demonic ancestry]
  1981 | D:3      | Reached XP level 4. HP: 13/30 MP: 5/8
  2073 | D:3      | Found a radiant altar of Vehumet.
  2077 | D:3      | Found an opulent altar of Gozag.
  2082 | D:3      | Became a worshipper of Vehumet
  2227 | D:3      | Noticed an ice beast
  2301 | D:3      | Killed an ice beast
  2302 | D:3      | Gained mutation: You have a pair of small horns on your
                  | head. [demonic ancestry]
  2302 | D:3      | Reached XP level 5. HP: 35/35 MP: 9/9
  2506 | D:3      | Noticed Jessica
  2520 | D:3      | Killed Jessica
  2969 | D:4      | Reached XP level 6. HP: 32/41 MP: 8/10
  3086 | D:4      | Reached skill level 6 in Summonings
  3101 | D:4      | Reached skill level 1 in Air Magic
  3285 | D:4      | Gained mutation: Spells you cast may paralyse nearby
                  | enemies. [demonic ancestry]
  3285 | D:4      | Reached XP level 7. HP: 46/46 MP: 10/12
  3759 | D:4      | Learned a level 4 spell: Summon Lightning Spire
  3771 | D:5      | Entered Level 5 of the Dungeon
  3884 | D:5      | Reached skill level 7 in Summonings
  3958 | D:5      | Reached * piety under Vehumet
  3958 | D:5      | Offered knowledge of Kiss of Death by Vehumet.
  3959 | D:5      | Reached XP level 8. HP: 52/52 MP: 6/14
  4042 | D:5      | Reached skill level 5 in Hexes
  4610 | D:5      | Found a staircase to the Ecumenical Temple.
  5184 | D:5      | Learned a level 5 spell: Summon Mana Viper
  5262 | D:6      | Slain by a wight

Illustrated notes

Levels and vault maps discovered:
D:1:      eino_arrival_druids_welcome, layout_rooms
D:2:      minmay_angry_zag, layout_basic, hellmonk_ecumenical_altar_lost_god,
          basic_altar
D:3:      layout_basic, grunt_temple_overflow_open, uniq_jessica
D:4:      layout_cave_pods
D:5:      layout_basic, minmay_temple_entry_enclosed_plants
D:6:      layout_basic, minmay_joined_circles

Skill      XL: |  1  2  3  4  5  6  7  8 |
---------------+-------------------------+-----
Summonings     | 5 6 7 |  7.9
Hexes          | 1 2 3 4 6 |  6.0
Spellcasting   | 3 4 |  4.6
Air Magic      | 1 2 3 |  3.0
Dodging        | |  1.7
Stealth        | |  1.7

Action                   |  1- 3 |  4- 6 |  7- 9 || total
-------------------------+-------+-------+-------++-------
Melee: Unarmed           |    29 |     6 |     5 ||    40
       Punch             |     1 |       |       ||     1
       Headbutt          |       |       |     3 ||     3
 Cast: Summon Small Mamm |    71 |    17 |    14 ||   102
       Call Canine Famil |    10 |    13 |    16 ||    39
       Summon Guardian G |       |     3 |     7 ||    10
       Summon Lightning  |       |       |     6 ||     6
       Summon Mana Viper |       |       |     1 ||     1
  Use: Scroll            |       |       |    10 ||    10
 Stab: Paralysed         |     8 |     1 |     2 ||    11
Armor: Robe              |    13 |     3 |       ||    16
Dodge: Dodged            |    41 |     7 |    10 ||    58

Table legend: (Time is in decaauts)
 A = Elapsed time spent in this place.
 B = Non-inter-level travel time spent in this place.
 C = Inter-level travel time spent in this place.
 D = Time resting spent in this place.
 E = Time spent auto-exploring this place.
 F = Levels seen in this place.
 G = Mean time per level.
                   A        B        C        D        E       F      G
               +--------+--------+--------+--------+--------+-----+--------+
         Total |   5260 |   5104 |    156 |    229 |   3558 |   6 |  876.7 |
       Dungeon |   5260 |   5104 |    156 |    229 |   3558 |   6 |  876.7 |
               +--------+--------+--------+--------+--------+-----+--------+

Top non-repeatable levels by time:
     D:5: 1414 daAuts
     D:3: 1171 daAuts
     D:2: 911 daAuts
     D:1: 870 daAuts
     D:4: 816 daAuts
     D:6: 75 daAuts
